Map: Celestial Enclave LE

Players

MONARH

  • Race: Terran Terran
  • Spawn Location: 7:00

Arcurus - Winner!

  • Race: Protoss Protoss
  • League: Silver
  • Spawn Location: 1:00

VOD

Have the link to the VOD?

Description

Time

  • Played on: June 19, 2026, 3:06 p.m.
  • Length: 13:05
Show
View Real Time Build Order
Export as new Build Order

MONARH Terran 

Build Orders:  

Get SALT Encoding   

  12  0:11  Supply Depot  
  12  0:26  Engineering Bay  
  12  0:36  SCV, Refinery  
  13  1:06  Barracks  
  13  1:07  SCV  
  14  1:19  SCV  
  15  1:28  Refinery  
  15  1:32  SCV  
  16  1:44  SCV  
  17  1:56  SCV  
  17  1:57  Supply Depot  
  18  2:08  SCV  
  19  2:23  Barracks Tech Lab  
  19  2:29  Supply Depot  
  19  2:38  Terran Infantry Weapons Level 1, Factory  
  19  2:48  Reaper  
  20  2:51  SCV  
  21  3:03  SCV  
  22  3:15  SCV  
  23  3:27  SCV  
  24  3:35  Bunker  
  24  3:40  Command Center  
  24  3:43  Orbital Command  
  23  4:12  Supply Depot  
  23  4:15  SCV  
  24  4:30  Factory Tech Lab  
  24  4:32  Terran Infantry Armor Level 1  
  24  4:48  Supply Depot  
  24  5:02  Refinery  
  24  5:04  SCV  
  25  5:10  Siege Tank  
  28  5:16  SCV  
  29  5:21  Supply Depot  
  29  5:28  SCV  
  30  5:40  SCV  
  30  5:42  Siege Tank  
  34  5:48  Starport  
  34  5:52  SCV  
  35  6:08  Orbital Command  
  35  6:14  Siege Tank  
  38  6:26  Neosteel Armor  
  38  6:33  Starport Tech Lab  
  38  6:46  Siege Tank  
  41  6:47  Armory  
  41  6:50  SCV  
  42  7:02  SCV  
  43  7:14  SCV  
  44  7:18  Siege Tank  
  47  7:26  SCV  
  47  7:27  Command Center  
  48  7:38  SCV  
  49  7:49  Supply Depot  
  49  7:51  SCV  
  50  8:00  Fusion Core  
  50  8:09  Hi-Sec Auto Tracking  
  50  8:21  Terran Vehicle And Ship Armor Level 1  
  42  8:38  Viking  
  40  8:54  Missile Turret x2  
  40  9:01  SCV  
  41  9:08  Viking  
  43  9:13  SCV  
  44  9:21  Starport  
  44  9:25  SCV  
  44  9:26  Caduceus Reactor  
  45  9:37  SCV  
  45  9:38  Viking  
  48  9:45  Missile Turret  
  48  9:49  SCV  
  40  10:08  Viking x2  
  37  10:15  Terran Vehicle Weapons Level 1  
  37  10:38  Viking  
Show
View Real Time Build Order
Export as new Build Order

Arcurus Protoss - Winner!

Build Orders: Carriers 

Get SALT Encoding   

  12  0:02  Probe  
  13  0:14  Probe  
  14  0:29  Pylon  
  14  0:31  Probe  
  14  0:35  Pylon  
  15  0:47  Probe  
  16  0:50  Pylon  
  16  1:10  Gateway  
  16  2:02  Cybernetics Core  
  16  2:04  Pylon  
  16  2:09  Assimilator  
  16  2:14  Assimilator  
  16  2:16  Probe (Chrono Boost)  
  17  2:26  Probe (Chrono Boost)  
  17  2:27  Zealot  
  20  2:33  Probe (Chrono Boost)  
  22  2:44  Probe (Chrono Boost)  
  22  2:47  Nexus  
  22  2:49  Probe (Chrono Boost)  
  23  3:02  Zealot  
  23  3:04  Gateway  
  25  3:10  Probe (Chrono Boost)  
  27  3:20  Probe (Chrono Boost)  
  27  3:25  Probe (Chrono Boost)  
  28  3:48  Nexus  
  28  3:57  Stalker  
  28  4:02  Stargate  
  30  4:18  Stargate  
  30  4:30  Warp Gate  
  30  4:34  Zealot  
  30  4:36  Stalker  
  34  4:39  Probe (Chrono Boost)  
  34  4:44  Probe (Chrono Boost)  
  36  4:51  Probe (Chrono Boost)  
  37  4:54  Probe (Chrono Boost)  
  37  4:57  Probe (Chrono Boost)  
  37  4:58  Probe (Chrono Boost)  
  39  5:05  Probe  
  41  5:09  Probe  
  41  5:13  Fleet Beacon  
  42  5:18  Probe  
  42  5:21  Probe  
  44  5:27  Assimilator  
  44  5:32  Zealot, Pylon, Stalker  
  48  5:39  Probe  
  48  5:41  Probe  
  50  5:51  Probe  
  52  6:07  Probe x2 (Chrono Boost)  
  53  6:14  Protoss Air Weapons Level 1  
  53  6:16  Probe (Chrono Boost)  
  55  6:18  Probe (Chrono Boost)  
  55  6:20  Zealot  
  55  6:21  Probe (Chrono Boost), Zealot  
  60  6:27  Probe  
  60  6:32  Gateway  
  61  6:35  Probe  
  62  6:41  Assimilator  
  62  6:43  Assimilator  
  62  6:46  Probe  
  63  6:47  Probe  
  63  6:49  Probe  
  65  6:58  Probe  
  65  6:59  Carrier x2, Probe  
  79  7:01  Probe  
  80  7:13  Probe x2 (Chrono Boost)  
  83  7:15  Probe (Chrono Boost)  
  83  7:26  Probe (Chrono Boost)  
  84  7:48  Pylon  
  84  7:50  Pylon x2  
  84  7:53  Pylon  
  84  7:59  Forge  
  84  8:03  Robotics Facility  
  84  8:16  Carrier  
  84  8:17  Carrier  
  96  9:05  Immortal  
  100  9:33  Carrier  
  100  9:34  Carrier  
  112  9:44  Protoss Air Armor Level 1  
Tags
 
Composition
Carriers
League
Silver
Matchup
PvT
Spawn Locations
Cross Positions
Add a new tag
Caveats
  • Supply blocks, unpowered buildings, or Contaminate may cause inaccurate times.
  • Supply counts are checked every 10 seconds.